MLB
DETROIT TIGERS @ HOUSTON ASTROS
08/21/2019
 
TOP OF THE 1ST
Detroit Tigers batting - Pitching for Houston Astros : RHP Daniel Mengden
Pitching: RHP Daniel Mengden
Batting: RHB Jean Segura 0-0: Ball
1-0: Called Strike
1-1: SINGLE (Groundball, 56D, EV 100.6 MPH)
Batting: RHB Starling Marte 0-0: Ball
1-0: DOUBLE (Flyball, 8RXD, EV 101.9 MPH)
Jean Segura to third
Batting: RHB George Springer 0-0: Ball
1-0: Called Strike
1-1: Ball
2-1: SINGLE (Flyball, 9LS, EV 95.0 MPH)
Jean Segura scores
Starling Marte to third
Batting: RHB Khris Davis 0-0: Called Strike
0-1: Ball
Wild Pitch!
Starling Marte scores
George Springer to second
1-1: Ball
2-1: Foul Ball, location: 2F
2-2: Strikes out swinging
Batting: SHB Kendrys Morales 0-0: Ball
1-0: Ball
2-0: Foul Ball, location: 2F
2-1: Foul Ball, location: 2F
2-2: Ball
3-2: Foul Ball, location: 2F
3-2: Base on Balls
Batting: LHB Corey Dickerson 0-0: Ball
1-0: Fly out, F8 (Flyball, 8LD, EV 98.1 MPH)
Batting: RHB J.T. Realmuto 0-0: Called Strike
0-1: Fly out, F4 (Popup, 6MD, EV 54.4 MPH)
Top of the 1st over - 2 runs, 3 hits, 0 errors, 2 left on base; Detroit 2 - Houston 0
BOTTOM OF THE 1ST
Houston Astros batting - Pitching for Detroit Tigers : RHP Jharel Cotton
Pitching: RHP Jharel Cotton
Batting: LHB Colin Moran 0-0: Called Strike
0-1: Ball
1-1: Fly out, F9 (Flyball, 9LMF, EV 95.0 MPH)
Batting: SHB Ben Zobrist 0-0: Ball
1-0: DOUBLE (Line Drive, 9LM, EV 100.0 MPH)
Batting: RHB Edwin Encarnacion 0-0: Called Strike
0-1: Swinging Strike
0-2: Foul Ball, location: 2F
0-2: Ball
1-2: 2-RUN HOME RUN (Flyball, 78XD, EV 104.4 MPH), Distance : 420 ft
Batting: LHB Jason Heyward 0-0: Called Strike
0-1: Foul Ball, location: 2F
0-2: Ball
1-2: Fly out, F8 (Line Drive, 8RD, EV 101.3 MPH)
Batting: LHB Bradley Zimmer 0-0: Ball
1-0: Fly out, F5 (Popup, 56, EV 73.1 MPH)
Bottom of the 1st over - 2 runs, 2 hits, 0 errors, 0 left on base; Detroit 2 - Houston 2
TOP OF THE 2ND
Detroit Tigers batting - Pitching for Houston Astros : RHP Daniel Mengden
Batting: LHB Greg Garcia 0-0: Fly out, F3 (Line Drive, 3, EV 65.0 MPH)
Batting: RHB J.D. Davis 0-0: Fly out, F2 (Popup, 25F, EV 80.0 MPH)
Batting: RHB Jean Segura 0-0: Ball
1-0: Ball
2-0: Called Strike
2-1: Fly out, F8 (Line Drive, 8RD, EV 90.0 MPH)
Top of the 2nd over - 0 runs, 0 hits, 0 errors, 0 left on base; Detroit 2 - Houston 2
BOTTOM OF THE 2ND
Houston Astros batting - Pitching for Detroit Tigers : RHP Jharel Cotton
Batting: SHB Jorge Polanco 0-0: SINGLE (Flyball, 78M, EV 95.0 MPH)
Batting: RHB Jermaine Palacios 0-0: Called Strike
0-1: Ball
1-1: Ball
2-1: Swinging Strike
2-2: Strikes out swinging
Batting: LHB Rougned Odor 0-0: Called Strike
0-1: Ball
1-1: Ball
2-1: Foul Ball, location: 2F
2-2: Ball
3-2: Fly out, F3 (Popup, 3F, EV 56.3 MPH)
Batting: SHB Tucker Barnhart 0-0: Fielders Choice at 2nd, 6-4 (Groundball, 6, EV 84.4 MPH)
Bottom of the 2nd over - 0 runs, 1 hit, 0 errors, 1 left on base; Detroit 2 - Houston 2
TOP OF THE 3RD
Detroit Tigers batting - Pitching for Houston Astros : RHP Daniel Mengden
Batting: RHB Starling Marte 0-0: Ball
1-0: Called Strike
1-1: SINGLE (Flyball, 78M, EV 93.1 MPH)
Batting: RHB George Springer 0-0: Ball
1-0: Foul Ball, location: 2F
1-1: Ball
2-1: Ball
3-1: Fly out, F8 (Flyball, 78S, EV 95.6 MPH)
Batting: RHB Khris Davis 0-0: Ball
1-0: 2-RUN HOME RUN (Flyball, 89XD, EV 97.5 MPH), Distance : 405 ft
Batting: SHB Kendrys Morales 0-0: Foul Ball, location: 2F
0-1: Ball
1-1: Ground out 1-3 (Groundball, 13S, EV 73.8 MPH)
Batting: LHB Corey Dickerson 0-0: Called Strike
0-1: Foul Ball, location: 2F
0-2: Ball
1-2: Strikes out swinging
Top of the 3rd over - 2 runs, 2 hits, 0 errors, 0 left on base; Detroit 4 - Houston 2
BOTTOM OF THE 3RD
Houston Astros batting - Pitching for Detroit Tigers : RHP Jharel Cotton
Batting: LHB Colin Moran 0-0: Foul Ball, location: 2F
0-1: Swinging Strike
0-2: Ground out U3 (Groundball, 3, EV 83.1 MPH)
Batting: SHB Ben Zobrist 0-0: Ball
1-0: Foul Ball, location: 2F
1-1: Foul Ball, location: 2F
1-2: Ball
2-2: Ball
3-2: Ground out 1-3 (Groundball, 13S, EV 69.4 MPH)
Batting: RHB Edwin Encarnacion 0-0: Ball
1-0: Ball
2-0: Called Strike
2-1: Ground out 6-3 (Groundball, 6, EV 86.9 MPH)
Bottom of the 3rd over - 0 runs, 0 hits, 0 errors, 0 left on base; Detroit 4 - Houston 2
TOP OF THE 4TH
Detroit Tigers batting - Pitching for Houston Astros : RHP Daniel Mengden
Batting: RHB J.T. Realmuto 0-0: Ball
1-0: SINGLE (Flyball, 89S, EV 85.0 MPH)
Batting: LHB Greg Garcia 0-0: Ball
1-0: Ball
2-0: Swinging Strike
2-1: Foul Ball, location: 2F
2-2: Foul Ball, location: 2F
2-2: Foul Ball, location: 2F
2-2: Ball
3-2: Fly out, F8 (Flyball, 8LM, EV 90.6 MPH)
Batting: RHB J.D. Davis 0-0: Ball
1-0: Called Strike
1-1: Swinging Strike
1-2: Strikes out looking
Batting: RHB Jean Segura 0-0: Ball
1-0: Fly out, F9 (Flyball, 89M, EV 96.3 MPH)
Top of the 4th over - 0 runs, 1 hit, 0 errors, 1 left on base; Detroit 4 - Houston 2
BOTTOM OF THE 4TH
Houston Astros batting - Pitching for Detroit Tigers : RHP Jharel Cotton
Batting: LHB Jason Heyward 0-0: Foul Ball, location: 2F
0-1: Swinging Strike
0-2: Ball
1-2: Strikes out swinging
Batting: LHB Bradley Zimmer 0-0: Ball
1-0: Ball
2-0: Fly out, F7 (Flyball, 7LS, EV 85.0 MPH)
Batting: SHB Jorge Polanco 0-0: Bunt for hit to 15 - play at first, batter safe!
Batting: RHB Jermaine Palacios 0-0: Ball
1-0: Called Strike
1-1: Called Strike
1-2: Fly out, F8 (Flyball, 8RM, EV 76.9 MPH)
Bottom of the 4th over - 0 runs, 1 hit, 0 errors, 1 left on base; Detroit 4 - Houston 2
TOP OF THE 5TH
Detroit Tigers batting - Pitching for Houston Astros : RHP Daniel Mengden
Batting: RHB Starling Marte 0-0: Fly out, F7 (Flyball, 78S, EV 71.9 MPH)
Batting: RHB George Springer 0-0: Ball
1-0: Ball
2-0: Ball
3-0: Called Strike
3-1: Called Strike
3-2: Base on Balls
Pitching: RHP Justin Lawrence
Batting: RHB Khris Davis 0-0: Ball
1-0: Foul Ball, location: 2F
1-1: Ball
2-1: Foul Ball, location: 2F
2-2: Strikes out looking
Batting: SHB Kendrys Morales 0-0: Ball
1-0: Ball
2-0: Called Strike
2-1: Foul Ball, location: 2F
2-2: Foul Ball, location: 2F
2-2: Foul Ball, location: 2F
2-2: Ball
3-2: Foul Ball, location: 2F
3-2: Base on Balls
George Springer to second
Batting: LHB Corey Dickerson 0-0: Ball
1-0: Ball
2-0: Called Strike
2-1: Foul Ball, location: 2F
2-2: Foul Ball, location: 2F
2-2: Foul Ball, location: 2F
2-2: Strikes out swinging
Top of the 5th over - 0 runs, 0 hits, 0 errors, 2 left on base; Detroit 4 - Houston 2
BOTTOM OF THE 5TH
Houston Astros batting - Pitching for Detroit Tigers : RHP Jharel Cotton
Batting: LHB Rougned Odor 0-0: Called Strike
0-1: Called Strike
0-2: Ground out 1-3 (Groundball, P, EV 72.5 MPH)
Batting: SHB Tucker Barnhart 0-0: Called Strike
0-1: Ball
1-1: Called Strike
1-2: Ball
2-2: Ball
3-2: Strikes out looking
Batting: LHB Colin Moran 0-0: Swinging Strike
0-1: Ball
1-1: Called Strike
1-2: Ball
2-2: Strikes out swinging
Bottom of the 5th over - 0 runs, 0 hits, 0 errors, 0 left on base; Detroit 4 - Houston 2
TOP OF THE 6TH
Detroit Tigers batting - Pitching for Houston Astros : RHP Justin Lawrence
Pitching: LHP Jairo Labourt
Batting: RHB J.T. Realmuto 0-0: Ball
1-0: Foul Ball, location: 2F
1-1: Swinging Strike
1-2: Strikes out swinging
Batting: LHB Greg Garcia 0-0: Ball
1-0: Foul Ball, location: 2F
1-1: Foul Ball, location: 2F
1-2: Ground out 5-3 (Groundball, 56S, EV 90.0 MPH)
Batting: RHB J.D. Davis 0-0: Called Strike
0-1: Swinging Strike
0-2: Ball
1-2: Fly out, F8 (Flyball, 8LM, EV 88.8 MPH)
Top of the 6th over - 0 runs, 0 hits, 0 errors, 0 left on base; Detroit 4 - Houston 2
BOTTOM OF THE 6TH
Houston Astros batting - Pitching for Detroit Tigers : RHP Jharel Cotton
Batting: SHB Ben Zobrist 0-0: Called Strike
0-1: Fly out, F8 (Line Drive, 8RD, EV 105.6 MPH)
Batting: RHB Edwin Encarnacion 0-0: Ball
1-0: Foul Ball, location: 2F
1-1: Foul Ball, location: 2F
1-2: Strikes out swinging
Batting: LHB Jason Heyward 0-0: Called Strike
0-1: SINGLE (Line Drive, 89S, EV 95.6 MPH)
Batting: LHB Bradley Zimmer 0-0: Ball
1-0: Ball
2-0: Called Strike
2-1: SINGLE (Line Drive, 78M, EV 88.1 MPH)
Jason Heyward to second
Batting: SHB Jorge Polanco 0-0: Ball
1-0: Fly out, F7 (Flyball, 78S, EV 94.4 MPH)
Bottom of the 6th over - 0 runs, 2 hits, 0 errors, 2 left on base; Detroit 4 - Houston 2
TOP OF THE 7TH
Detroit Tigers batting - Pitching for Houston Astros : LHP Jairo Labourt
Pitching: RHP Domingo Acevedo
Batting: RHB Jean Segura 0-0: Foul Ball, location: 2F
0-1: Swinging Strike
0-2: Ball
1-2: Ball
2-2: Ball
3-2: Foul Ball, location: 2F
3-2: DOUBLE (Line Drive, 9LM, EV 99.4 MPH)
Pitching: LHP Chris Rusin
Batting: RHB Starling Marte 0-0: Ball
1-0: Ground out 5-3 (Groundball, 56, EV 93.8 MPH)
Pitching: RHP Alex Colome
Batting: RHB George Springer 0-0: Ball
Jean Segura is caught stealing 3rd base 2-5
1-0: Foul Ball, location: 2F
1-1: Foul Ball, location: 2F
1-2: Ball
2-2: Hit by Pitch
Batting: RHB Khris Davis 0-0: Ball
1-0: Foul Ball, location: 2F
1-1: Ball
2-1: Foul Ball, location: 2F
2-2: Ball
3-2: Foul Ball, location: 2F
3-2: Fly out, F2 (Popup, 23F, EV 91.9 MPH)
Top of the 7th over - 0 runs, 1 hit, 0 errors, 1 left on base; Detroit 4 - Houston 2
BOTTOM OF THE 7TH
Houston Astros batting - Pitching for Detroit Tigers : RHP Jharel Cotton
Batting: RHB Jermaine Palacios 0-0: Called Strike
0-1: Ball
1-1: Ball
2-1: Foul Ball, location: 2F
2-2: Foul Ball, location: 2F
2-2: Ground out 6-3 (Groundball, 6MS, EV 78.8 MPH)
Batting: LHB Rougned Odor 0-0: Fly out, F9 (Line Drive, 9, EV 86.9 MPH)
Batting: SHB Tucker Barnhart 0-0: Ground out 1-3 (Groundball, 13S, EV 75.6 MPH)
Bottom of the 7th over - 0 runs, 0 hits, 0 errors, 0 left on base; Detroit 4 - Houston 2
TOP OF THE 8TH
Detroit Tigers batting - Pitching for Houston Astros : RHP Alex Colome
Pitching: RHP Jose A. Ramirez
Batting: SHB Kendrys Morales 0-0: Swinging Strike
0-1: Foul Ball, location: 2F
0-2: Ball
1-2: Ball
2-2: Ball
3-2: Strikes out looking
Batting: LHB Corey Dickerson 0-0: Called Strike
0-1: Fly out, F7 (Flyball, 7D, EV 109.4 MPH)
Batting: RHB J.T. Realmuto 0-0: Foul Ball, location: 2F
0-1: Ball
1-1: Foul Ball, location: 2F
1-2: Strikes out looking
Top of the 8th over - 0 runs, 0 hits, 0 errors, 0 left on base; Detroit 4 - Houston 2
BOTTOM OF THE 8TH
Houston Astros batting - Pitching for Detroit Tigers : RHP Jharel Cotton
Pitching: LHP Zack Britton
Batting: LHB Colin Moran 0-0: Called Strike
0-1: SINGLE (Groundball, 4D, EV 95.0 MPH)
Batting: SHB Ben Zobrist 0-0: Ball
1-0: Called Strike
1-1: Swinging Strike
1-2: Foul Ball, location: 2F
1-2: Strikes out swinging
Batting: RHB Edwin Encarnacion 0-0: Ball
1-0: Swinging Strike
1-1: Called Strike
1-2: Foul Ball, location: 2F
1-2: Ball
2-2: Strikes out swinging
Batting: LHB Jason Heyward 0-0: Ball
1-0: Ball
2-0: Foul Ball, location: 2F
2-1: Ball
3-1: SINGLE (Line Drive, 5D, EV 95.6 MPH)
Colin Moran to second
Batting: LHB Bradley Zimmer 0-0: Ball
1-0: Foul Ball, location: 2F
1-1: Foul Ball, location: 2F
1-2: Strikes out looking
Bottom of the 8th over - 0 runs, 2 hits, 0 errors, 2 left on base; Detroit 4 - Houston 2
TOP OF THE 9TH
Detroit Tigers batting - Pitching for Houston Astros : RHP Jose A. Ramirez
Pitching: LHP James Pazos
Batting: LHB Greg Garcia 0-0: Hit by Pitch
Batting: RHB J.D. Davis 0-0: Swinging Strike
0-1: Called Strike
0-2: Ball
1-2: Strikes out swinging
Batting: RHB Jean Segura 0-0: Fly out, F9 (Flyball, 9S, EV 90.0 MPH)
Batting: RHB Starling Marte 0-0: Foul Ball, location: 2F
0-1: SINGLE (Groundball, 6MD, EV 98.1 MPH)
Greg Garcia to second
Batting: RHB George Springer 0-0: Ball
1-0: Foul Ball, location: 2F
1-1: Ball
2-1: SINGLE (Line Drive, 78S, EV 90.0 MPH)
Greg Garcia to third
Starling Marte to second
Batting: RHB Khris Davis 0-0: Ball
1-0: Called Strike
1-1: Ball
2-1: Ball
3-1: Base on Balls
Greg Garcia scores
Starling Marte to third
George Springer to second
Batting: SHB Kendrys Morales 0-0: Ball
1-0: Ball
2-0: Called Strike
2-1: Ball
3-1: Base on Balls
Starling Marte scores
George Springer to third
Khris Davis to second
Batting: LHB Corey Dickerson 0-0: Ball
1-0: Ball
2-0: Swinging Strike
2-1: Foul Ball, location: 2F
2-2: Strikes out swinging
Top of the 9th over - 2 runs, 2 hits, 0 errors, 3 left on base; Detroit 6 - Houston 2
BOTTOM OF THE 9TH
Houston Astros batting - Pitching for Detroit Tigers : LHP Zack Britton
Pitching: LHP Will Smith
Batting: SHB Jorge Polanco 0-0: Called Strike
0-1: Ball
1-1: Ball
2-1: Swinging Strike
2-2: Strikes out swinging
Batting: RHB Jermaine Palacios 0-0: Swinging Strike
0-1: SOLO HOME RUN (Flyball, 7D, EV 97.5 MPH), Distance : 397 ft
Pitching: RHP Pedro Baez
Batting: LHB Rougned Odor 0-0: Ball
1-0: Called Strike
1-1: Ball
2-1: Ball
3-1: Base on Balls
Batting: SHB Tucker Barnhart 0-0: Called Strike
0-1: Foul Ball, location: 2F
0-2: Fly out, F8 (Line Drive, 8LD, EV 89.4 MPH)
Batting: LHB Colin Moran Pickoff Throw to First - Out! 1-3
Bottom of the 9th over - 1 run, 1 hit, 0 errors, 0 left on base; Detroit 6 - Houston 3
Monday, November 25th, 2019 - OOTP Baseball 20.8 Build 73